 Dungeon Crawl Stone Soup version 0.30-a0-585-g93115170b9 (webtiles) character file.

Game seed: 15164481225809896245

125 lunkers the Slasher (level 5, 0/45 HPs)
             Began as a Meteoran Fighter on Jan 2, 2023.
             Shot with a sling bullet by a hobgoblin (3 damage)
             ... on level 3 of the Dungeon.
             The game lasted 00:01:19 (747 turns).

lunkers the Slasher (Meteoran Fighter)               Turns: 747, Time: 00:01:20

Health: 0/45       AC:  8    Str: 18    XL:     5   Next: 57%
Magic:  6/6        EV:  9    Int:  9    God:
Gold:   70         SH:  5    Dex: 15    Spells: 4/4 levels left

rFire   . . .      SeeInvis .    a - +0 long sword
rCold   . . .      Faith    .    c - +0 buckler
rNeg    . . .      Spirit   .    b - +0 scale mail
rPois   .          Reflect  .    (no helmet)
rElec   .          Harm     .    (no cloak)
rCorr   .          Rampage  .    (no gloves)
Will    .....                    k - +0 pair of boots Stlth
                                 (no amulet)
HPRegen 0.27/turn                (no ring)
MPRegen 0.10/turn                (no ring)

@: glowing
A: sense surroundings 1, otherworldly, glowing, explore regen
a: no special abilities


You were on level 3 of the Dungeon.
You visited 1 branch of the dungeon, and saw 3 of its levels.

You collected 70 gold pieces.

Inventory:

Hand Weapons
 a - a +0 long sword (weapon)
Armour
 b - a +0 scale mail (worn)
 c - a +0 buckler (worn)
 k - a +0 pair of boots (worn)
Wands
 j - a wand of mindburst (14)
 n - a wand of digging (5)
Scrolls
 e - 5 scrolls of identify {unknown}
 m - a scroll of magic mapping {unknown}
Potions
 d - a potion of might
 f - 2 potions of cancellation {unknown}
 g - 2 potions of ambrosia {unknown}
 h - a potion of resistance {unknown}
 i - a potion of lignification {unknown}
 l - a potion of curing {unknown}


   Skills:
 - Level 3.2 Fighting
 * Level 5.8 Long Blades
 - Level 3.6 Armour
 - Level 3.6 Shields
 + Level 1.6 Evocations


You had 4 spell levels left.
You didn't know any spells.
Your spell library contained the following spells:

 Spells                   Type           Power      Damage    Failure   Level
 Frozen Ramparts          Ice            0%         1d1       99%         3
 Ice Form                 Ice/Tmut       0%         N/A       100%        4
 Summon Ice Beast         Ice/Summ       0%         N/A       100%        4
 Summon Forest            Summ/Tloc      0%         N/A       100%        5
 Eringya's Noxious Bog    Tmut/Pois      0%         N/A       100%        6
 Summon Hydra             Summ           0%         N/A       100%        7


Dungeon Overview and Level Annotations

Branches:
Dungeon (3/15) Zot: 1018

Altars:
Sif Muna

Shops:
D:2 ?

Annotations:
D:3 Robin


Innate Abilities, Weirdness & Mutations

You passively map a small area around you.
You are easily found by Zot.
You glow in the dark.
You regain HP and MP as you explore.


Message History

* * * LOW HITPOINT WARNING * * *
Unknown command.
You hit the goblin but do no damage.
The goblin is severely wounded.
The hobgoblin no longer looks unusually strong.
The goblin hits you with a +0 club.
* * * LOW HITPOINT WARNING * * *
The hobgoblin completely misses you.
You hit the goblin.
You kill the goblin!
The hobgoblin hits you but does no damage.
You closely miss the hobgoblin. The hobgoblin hits you.
* * * LOW HITPOINT WARNING * * *
You closely miss the hobgoblin.
The hobgoblin hits you but does no damage.
You hit the hobgoblin.
The hobgoblin is heavily wounded.
The hobgoblin closely misses you.
You barely miss the hobgoblin.
The hobgoblin is heavily wounded.
The hobgoblin barely misses you.
The hobgoblin hits you but does no damage.
You closely miss the hobgoblin.
The hobgoblin is heavily wounded.
The hobgoblin closely misses you.
You hit the hobgoblin but do no damage.
The hobgoblin is moderately wounded.
The hobgoblin barely misses you.
You hit the hobgoblin but do no damage.
The hobgoblin is moderately wounded.
The hobgoblin hits you.
* * * LOW HITPOINT WARNING * * *
You closely miss the hobgoblin.
The hobgoblin is lightly wounded.
The hobgoblin hits you.
* * * LOW HITPOINT WARNING * * *
You slash the hobgoblin!
You kill the hobgoblin!
The hobgoblin shoots a sling bullet.
The sling bullet hits you.
You die...

* ..... #..... *
#....!.. ,* ###.g......
, , #....g..... * **
##.......... ,, *
#..##.......,
#..###...... *
###..)@)g.....
##....###.###.. *
####.....# ,# ,
##.....##.###+*** # ,* *
#.....##....+_+, ,.# .
#..#####..##### *,.#
..####..# #..# ### ..#
.......## #..#######..#
.##....######..........#


You could see a hobgoblin (strong).

Vanquished Creatures
  Natasha (twice) (D:3)
  Ijyb (D:3)
  2 adders (D:2)
  An orc (D:3)
  An endoplasm (D:1)
  10 goblins
  5 hobgoblins
  2 jackals (D:2)
  2 kobolds
  2 quokkas
  A ball python (D:1)
  A bat (D:2)
  2 frilled lizards
  4 rats
36 creatures vanquished.

Notes
Turn   | Place    | Note
-------+----------+-------------------------------------------
     0 | D:1      | lunkers the Meteoran Fighter began the quest for the Orb.
     0 | D:1      | Reached XP level 1. HP: 19/19 MP: 2/2
   232 | D:1      | Reached skill level 3 in Long Blades
   232 | D:1      | Reached XP level 2. HP: 26/26 MP: 3/3
   363 | D:2      | Reached XP level 3. HP: 31/31 MP: 4/4
   382 | D:2      | Reached skill level 4 in Long Blades
   446 | D:2      | Found Sokk's Magic Scroll Emporium.
   522 | D:3      | Found a shimmering blue altar of Sif Muna.
   522 | D:3      | Noticed Natasha
   533 | D:3      | Killed Natasha
   534 | D:3      | Reached skill level 5 in Long Blades
   534 | D:3      | Reached XP level 4. HP: 5/38 MP: 5/5
   611 | D:3      | Noticed Ijyb
   628 | D:3      | Killed Ijyb
   629 | D:3      | Reached XP level 5. HP: 40/45 MP: 6/6
   670 | D:3      | Noticed Natasha
   675 | D:3      | Killed Natasha
   676 | D:3      | Reached skill level 1 in Evocations
   702 | D:3      | Noticed Robin
   747 | D:3      | Shot with a sling bullet by a hobgoblin

Illustrated notes

Levels and vault maps discovered:
D:1:      dpeg_arrival_tiny_a, layout_loops_ring
D:2:      layout_rooms, serial_shops, nicolae_shop_trees
D:3:      layout_rooms, kennysheep_okawaru_gauntlet,
          mainiacjoe_overflow_surrounded_room, lemuel_doored_altar,
          kennysheep_slug_shrine, uniq_robin, uniq_natasha, uniq_ijyb

Skill      XL: |  1  2  3  4  5 |
---------------+----------------+-----
Long Blades    | 3 5 |  5.8
Evocations     | 1 |  1.6
Fighting       | |  3.2
Armour         | |  3.6
Shields        | |  3.6

Action                   |  1- 3 |  4- 6 || total
-------------------------+-------+-------++-------
Melee: Long sword        |    54 |    74 ||   128
Armor: Scale mail        |    35 |    33 ||    68
Dodge: Dodged            |    14 |    19 ||    33
Block: Buckler           |    14 |    15 ||    29

Table legend: (Time is in decaauts)
 A = Elapsed time spent in this place.
 B = Non-inter-level travel time spent in this place.
 C = Inter-level travel time spent in this place.
 D = Time resting spent in this place.
 E = Time spent auto-exploring this place.
 F = Levels seen in this place.
 G = Mean time per level.
                   A        B        C        D        E       F      G
               +--------+--------+--------+--------+--------+-----+--------+
         Total |    780 |    767 |     13 |      0 |    484 |   3 |  260.0 |
       Dungeon |    780 |    767 |     13 |      0 |    484 |   3 |  260.0 |
               +--------+--------+--------+--------+--------+-----+--------+

Top non-repeatable levels by time:
     D:1: 355 daAuts
     D:3: 247 daAuts
     D:2: 177 daAuts
